cohdb
Replays
Latest Replays
All Replays
Popular Replays
Top Player Replays
Match Explorer
How It Works
Community
CoH3 Stats
Reddit
Sign in to upload your games and track your stats! →
Sign in with Steam
Match 39604058
Unlisted
Match 39604058
Overview
Messages
Build Orders
End
Royal Engineer Section
Royal Engineer Section
Selects Canadian Shock Battlegroup
Construct Section Command Post
Construct Field Infirmary
Selects Offensive Resupply
Selects Canadian Shock Section
Canadian Shock Section
Canadian Shock Section
Selects Incendiary Munitions
Canadian Shock Section
Construct Platoon Command Post
Unlock M3 Stuart Light Tanks
M3 Stuart Light Tank
Selects Pyrotechnics
The Hof
Porygon
0
0
Comments
sign in to comment!
No comments posted yet!